WLB
PITTSBURGH PIRATES @ TEXAS RANGERS
06/21/2023
 
TOP OF THE 1ST
Pittsburgh Pirates batting - Pitching for Texas Rangers : RHP Drey Jameson
Pitching: RHP Drey Jameson
Batting: LHB Travis Jankowski 0-0: Ball
1-0: Foul Ball, location: 2F
1-1: Fly out, F7 (Line Drive, 7S, EV 88.8 MPH)
Batting: LHB Brett Baty 0-0: Foul Ball, location: 2F
0-1: Called Strike
0-2: Foul Ball, location: 2F
0-2: Ball
1-2: SOLO HOME RUN (Flyball, 9D, EV 98.1 MPH), Distance : 376 ft
Batting: RHB Taylor Ward 0-0: SINGLE (Line Drive, 7LS, EV 95.6 MPH)
Batting: RHB Nathan Eaton 0-0: Called Strike
0-1: Swinging Strike
0-2: Ball
1-2: SINGLE (Groundball, 34D, EV 106.2 MPH)
Taylor Ward to second
Runner from 2nd tries for 3rd, SAFE, throw by RF made to third
Batting: LHB Christian Yelich 0-0: Foul Ball, location: 2F
0-1: Foul Ball, location: 2F
0-2: Fly out, F7 (Flyball, 78S, EV 80.6 MPH)
Batting: SHB Vidal Bruján 0-0: Called Strike
0-1: Called Strike
0-2: Strikes out swinging
Top of the 1st over - 1 run, 3 hits, 0 errors, 2 left on base; Pittsburgh 1 - Texas 0
BOTTOM OF THE 1ST
Texas Rangers batting - Pitching for Pittsburgh Pirates : LHP Jordan Montgomery
Pitching: LHP Jordan Montgomery
Batting: RHB Fernando Tatis Jr. 0-0: Foul Ball, location: 2F
0-1: Ball
1-1: Ground out 1-3 (Groundball, 15S, EV 68.8 MPH)
Batting: RHB Royce Lewis 0-0: Ball
1-0: Fly out, F8 (Flyball, 8RXD, EV 100.0 MPH)
Batting: SHB Adley Rutschman 0-0: Ball
1-0: Called Strike
1-1: Swinging Strike
1-2: Ball
2-2: Ball
3-2: Fly out, F7 (Flyball, 7, EV 86.9 MPH)
Bottom of the 1st over - 0 runs, 0 hits, 0 errors, 0 left on base; Pittsburgh 1 - Texas 0
TOP OF THE 2ND
Pittsburgh Pirates batting - Pitching for Texas Rangers : RHP Drey Jameson
Batting: RHB Paul DeJong 0-0: Called Strike
0-1: Foul Ball, location: 2F
0-2: Ball
1-2: Ball
2-2: Fly out, F7 (Flyball, 7LD, EV 97.5 MPH)
Batting: SHB Jonah Heim 0-0: Called Strike
0-1: Ball
1-1: Ball
2-1: Ball
3-1: Foul Ball, location: 2F
3-2: Base on Balls
Batting: RHB Jorge Mateo 0-0: Fly out, F9 (Flyball, 89M, EV 83.1 MPH)
Batting: LHB Travis Jankowski 0-0: Called Strike
0-1: Ball
1-1: Ball
2-1: Ball
3-1: Swinging Strike
3-2: Strikes out swinging
Top of the 2nd over - 0 runs, 0 hits, 0 errors, 1 left on base; Pittsburgh 1 - Texas 0
BOTTOM OF THE 2ND
Texas Rangers batting - Pitching for Pittsburgh Pirates : LHP Jordan Montgomery
Batting: RHB Pete Alonso 0-0: Ball
1-0: Called Strike
1-1: Ball
2-1: Ball
3-1: Called Strike
3-2: Fly out, F8 (Line Drive, 89D, EV 90.0 MPH)
Batting: RHB Luis Robert 0-0: Ground out 4-3 (Groundball, 4S, EV 64.4 MPH)
Batting: RHB Mark Vientos 0-0: Foul Ball, location: 2F
0-1: Foul Ball, location: 2F
0-2: Strikes out swinging
Bottom of the 2nd over - 0 runs, 0 hits, 0 errors, 0 left on base; Pittsburgh 1 - Texas 0
TOP OF THE 3RD
Pittsburgh Pirates batting - Pitching for Texas Rangers : RHP Drey Jameson
Batting: LHB Brett Baty 0-0: Ball
1-0: Ball
2-0: Fly out, F4 (Popup, 4S, EV 86.9 MPH)
Batting: RHB Taylor Ward 0-0: Called Strike
0-1: SINGLE (Line Drive, 8RS, EV 98.8 MPH)
Batting: RHB Nathan Eaton 0-0: Fly out, F7 (Line Drive, 7S, EV 112.5 MPH)
Batting: LHB Christian Yelich 0-0: Swinging Strike
0-1: Foul Ball, location: 2F
0-2: Foul Ball, location: 2F
0-2: Strikes out looking
Top of the 3rd over - 0 runs, 1 hit, 0 errors, 1 left on base; Pittsburgh 1 - Texas 0
BOTTOM OF THE 3RD
Texas Rangers batting - Pitching for Pittsburgh Pirates : LHP Jordan Montgomery
Batting: RHB Alec Bohm 0-0: Foul Ball, location: 2F
0-1: Ball
1-1: Ball
2-1: Called Strike
2-2: Strikes out swinging, 2-3 out at first.
Batting: RHB Albert Almora Jr. 0-0: Ball
1-0: Ball
2-0: Called Strike
2-1: Called Strike
2-2: Foul Ball, location: 2F
2-2: Foul Ball, location: 2F
2-2: Ball
3-2: Strikes out looking
Batting: SHB Kaleb Cowart 0-0: Called Strike
0-1: DOUBLE (Flyball, 78XD, EV 91.9 MPH)
Batting: RHB Fernando Tatis Jr. 0-0: Ball
1-0: Swinging Strike
1-1: Ball
2-1: Ball
3-1: Base on Balls
Batting: RHB Royce Lewis 0-0: Called Strike
0-1: Swinging Strike
0-2: Ball
1-2: Ball
2-2: Foul Ball, location: 2F
2-2: Strikes out swinging
Bottom of the 3rd over - 0 runs, 1 hit, 0 errors, 2 left on base; Pittsburgh 1 - Texas 0
TOP OF THE 4TH
Pittsburgh Pirates batting - Pitching for Texas Rangers : RHP Drey Jameson
Batting: SHB Vidal Bruján 0-0: Ball
1-0: Ball
2-0: Ball
3-0: Called Strike
3-1: Base on Balls
Batting: RHB Paul DeJong 0-0: Ball
1-0: Ball
Vidal Bruján steals 2nd base
2-0: Called Strike
2-1: Swinging Strike
2-2: Strikes out swinging
Batting: SHB Jonah Heim 0-0: Swinging Strike
0-1: Called Strike
0-2: Strikes out swinging
Batting: RHB Jorge Mateo 0-0: Foul Ball, location: 2F
0-1: Ball
1-1: Swinging Strike
1-2: Foul Ball, location: 2F
1-2: Ground out U3 (Groundball, 3L, EV 110.0 MPH)
Top of the 4th over - 0 runs, 0 hits, 0 errors, 1 left on base; Pittsburgh 1 - Texas 0
BOTTOM OF THE 4TH
Texas Rangers batting - Pitching for Pittsburgh Pirates : LHP Jordan Montgomery
Batting: SHB Adley Rutschman 0-0: Called Strike
0-1: Swinging Strike
0-2: Ground out 5-3 (Groundball, 5, EV 103.8 MPH)
Batting: RHB Pete Alonso 0-0: Ball
1-0: Ball
2-0: Foul Ball, location: 2F
2-1: Ball
3-1: Foul Ball, location: 2F
3-2: Fly out, F8 (Line Drive, 89S, EV 98.8 MPH)
Batting: RHB Luis Robert 0-0: Fly out, F7 (Flyball, 78S, EV 94.4 MPH)
Bottom of the 4th over - 0 runs, 0 hits, 0 errors, 0 left on base; Pittsburgh 1 - Texas 0
TOP OF THE 5TH
Pittsburgh Pirates batting - Pitching for Texas Rangers : RHP Drey Jameson
Batting: LHB Travis Jankowski 0-0: Ball
1-0: Foul Ball, location: 2F
1-1: Ball
2-1: Fly out, F8 (Line Drive, 8RM, EV 98.1 MPH)
Batting: LHB Brett Baty 0-0: Ball
1-0: Foul Ball, location: 2F
1-1: SINGLE (Groundball, 3D, EV 98.8 MPH)
Batting: RHB Taylor Ward 0-0: Called Strike
0-1: Ball
1-1: Foul Ball, location: 2F
1-2: Fly out, F7 (Flyball, 7D, EV 100.0 MPH)
Batting: RHB Nathan Eaton 0-0: Fly out, F2 (Popup, 23F, EV 81.2 MPH)
Top of the 5th over - 0 runs, 1 hit, 0 errors, 1 left on base; Pittsburgh 1 - Texas 0
BOTTOM OF THE 5TH
Texas Rangers batting - Pitching for Pittsburgh Pirates : LHP Jordan Montgomery
Batting: RHB Mark Vientos 0-0: Ball
1-0: Ball
2-0: Foul Ball, location: 2F
2-1: Ball
3-1: Swinging Strike
3-2: Ground out 5-3 (Groundball, 56S, EV 81.2 MPH)
Batting: RHB Alec Bohm 0-0: Called Strike
0-1: Ball
1-1: Ball
2-1: SINGLE (Line Drive, 9S, EV 93.8 MPH)
Batting: RHB Albert Almora Jr. 0-0: Ball
1-0: Ball
2-0: Fielders Choice at 2nd, 4-6 (Groundball, 4, EV 84.4 MPH)
Batting: SHB Kaleb Cowart 0-0: Ball
1-0: Called Strike
1-1: Foul Ball, location: 2F
1-2: Ball
2-2: Foul Ball, location: 2F
2-2: Strikes out swinging
Bottom of the 5th over - 0 runs, 1 hit, 0 errors, 1 left on base; Pittsburgh 1 - Texas 0
TOP OF THE 6TH
Pittsburgh Pirates batting - Pitching for Texas Rangers : RHP Drey Jameson
Batting: LHB Christian Yelich 0-0: Ball
1-0: Foul Ball, location: 2F
1-1: SINGLE (Groundball, 6MD, EV 105.6 MPH)
Batting: SHB Vidal Bruján 0-0: Fly out, F7 (Line Drive, 7, EV 93.1 MPH)
Batting: RHB Paul DeJong 0-0: Swinging Strike
0-1: Ball
1-1: Ball
2-1: Swinging Strike
2-2: Foul Ball, location: 2F
2-2: Strikes out swinging
Pitching: RHP James Karinchak
Batting: SHB Jonah Heim 0-0: Hit by Pitch
Christian Yelich to second
Batting: RHB Jorge Mateo 0-0: Ball
1-0: Foul Ball, location: 2F
1-1: Ball
2-1: Called Strike
2-2: Foul Ball, location: 2F
2-2: Ball
3-2: Ground out 5-3 (Groundball, 5, EV 91.9 MPH)
Top of the 6th over - 0 runs, 1 hit, 0 errors, 2 left on base; Pittsburgh 1 - Texas 0
BOTTOM OF THE 6TH
Texas Rangers batting - Pitching for Pittsburgh Pirates : LHP Jordan Montgomery
Batting: RHB Fernando Tatis Jr. 0-0: Ball
1-0: Fly out, F4 (Popup, 23, EV 84.4 MPH)
Batting: RHB Royce Lewis 0-0: Ball
1-0: Ball
2-0: Ball
3-0: Called Strike
3-1: SINGLE (Flyball, 4D, EV 91.2 MPH)
Batting: SHB Adley Rutschman 0-0: Called Strike
0-1: Foul Ball, location: 2F
0-2: Ball
1-2: Fly out, F8 (Flyball, 8RD, EV 108.1 MPH)
Batting: RHB Pete Alonso 0-0: Fly out, F6 (Popup, 4S, EV 85.6 MPH)
Bottom of the 6th over - 0 runs, 1 hit, 0 errors, 1 left on base; Pittsburgh 1 - Texas 0
TOP OF THE 7TH
Pittsburgh Pirates batting - Pitching for Texas Rangers : RHP James Karinchak
Pitching: LHP Drew Pomeranz
Batting: LHB Travis Jankowski 0-0: Foul Ball, location: 2F
0-1: Ball
1-1: Ball
2-1: Foul Ball, location: 2F
2-2: Ball
3-2: Ground out 4-3 (Groundball, 4, EV 93.8 MPH)
Batting: LHB Brett Baty 0-0: Swinging Strike
0-1: Ball
1-1: Hit by Pitch
Batting: RHB Taylor Ward 0-0: Foul Ball, location: 2F
0-1: Swinging Strike
0-2: Strikes out looking and he ARGUES THE CALL AND IS TOSSED!
Pitching: RHP Joe Jimenez
Batting: RHB Nathan Eaton 0-0: Swinging Strike
0-1: Foul Ball, location: 2F
0-2: Strikes out swinging
Top of the 7th over - 0 runs, 0 hits, 0 errors, 1 left on base; Pittsburgh 1 - Texas 0
BOTTOM OF THE 7TH
Texas Rangers batting - Pitching for Pittsburgh Pirates : LHP Jordan Montgomery
Now in RF: Isaac Paredes
Batting: RHB Luis Robert 0-0: Called Strike
0-1: SINGLE (Line Drive, 8LS, EV 100.6 MPH)
Batting: RHB Mark Vientos 0-0: Ball
1-0: DOUBLE (Line Drive, 89D, EV 106.2 MPH)
Luis Robert to third
Runner from 3rd tries for Home, SAFE, no throw by RF
Batting: RHB Alec Bohm 0-0: Intentional Walk
Batting: RHB Albert Almora Jr. 0-0: Foul Ball, location: 2F
0-1: Fielders Choice at 2nd, 1-6 (Groundball, 13S, EV 66.2 MPH)
Mark Vientos to third
Batting: SHB Kaleb Cowart 0-0: Ball
1-0: Ball
2-0: Ground out 5-3 (Groundball, 6S, EV 86.9 MPH)
Albert Almora Jr. to second
Batting: RHB Fernando Tatis Jr. 0-0: Intentional Walk
Pitching: RHP Mitch White
Pinch Hitting: LHB Jake Fraley 0-0: Ball
1-0: Foul Ball, location: 2F
1-1: Ball
2-1: Ground out U3 (Groundball, 3, EV 90.6 MPH)
Bottom of the 7th over - 1 run, 2 hits, 0 errors, 3 left on base; Pittsburgh 1 - Texas 1
TOP OF THE 8TH
Pittsburgh Pirates batting - Pitching for Texas Rangers : RHP Joe Jimenez
Now at SS: Fernando Tatis Jr.
Now in RF: Jake Fraley
Batting: LHB Christian Yelich 0-0: Called Strike
0-1: Foul Ball, location: 2F
0-2: Foul Ball, location: 2F
0-2: Ball
1-2: Ground out 4-3 (Groundball, 4, EV 108.1 MPH)
Batting: SHB Vidal Bruján 0-0: Ball
1-0: Ground out 6-3 (Groundball, 6M, EV 94.4 MPH)
Pinch Hitting: LHB Christin Stewart 0-0: Ball
1-0: Foul Ball, location: 2F
1-1: Ball
2-1: Foul Ball, location: 2F
2-2: Ball
3-2: Strikes out swinging
Top of the 8th over - 0 runs, 0 hits, 0 errors, 0 left on base; Pittsburgh 1 - Texas 1
BOTTOM OF THE 8TH
Texas Rangers batting - Pitching for Pittsburgh Pirates : RHP Mitch White
Now at 3B: Mike Brosseau
Batting: SHB Adley Rutschman 0-0: Called Strike
0-1: Foul Ball, location: 2F
0-2: Ball
1-2: Foul Ball, location: 2F
1-2: Ball
2-2: Ball
3-2: Base on Balls
Batting: RHB Pete Alonso 0-0: Ball
1-0: Ball
2-0: Called Strike
2-1: Swinging Strike
2-2: Fly out, F8 (Flyball, 8LM, EV 99.4 MPH)
Batting: RHB Luis Robert 0-0: Fly out, F9 (Line Drive, 9, EV 95.0 MPH)
Batting: RHB Mark Vientos 0-0: Ball
1-0: Ball
2-0: Foul Ball, location: 2F
2-1: Foul Ball, location: 2F
2-2: Strikes out swinging
Bottom of the 8th over - 0 runs, 0 hits, 0 errors, 1 left on base; Pittsburgh 1 - Texas 1
TOP OF THE 9TH
Pittsburgh Pirates batting - Pitching for Texas Rangers : RHP Joe Jimenez
Batting: SHB Jonah Heim 0-0: Called Strike
0-1: Foul Ball, location: 2F
0-2: Foul Ball, location: 2F
0-2: Foul Ball, location: 2F
0-2: Ball
1-2: Foul Ball, location: 2F
1-2: Foul Ball, location: 2F
1-2: Foul Ball, location: 2F
1-2: Ball
2-2: SINGLE (Line Drive, 7S, EV 92.5 MPH)
Pitching: RHP Pete Fairbanks
Batting: RHB Jorge Mateo 0-0: Ball
1-0: Ball
2-0: Fielders Choice at 2nd, 6-4 (Groundball, 6, EV 96.9 MPH)
Batting: LHB Travis Jankowski 0-0: Fly out, F8 (Line Drive, 8LM, EV 96.9 MPH)
Batting: LHB Brett Baty 0-0: Swinging Strike
0-1: Called Strike
0-2: Ball
1-2: 2-RUN HOME RUN (Flyball, 89XD, EV 95.6 MPH), Distance : 384 ft
Batting: RHB Isaac Paredes 0-0: Foul Ball, location: 2F
0-1: Called Strike
0-2: Strikes out looking
Top of the 9th over - 2 runs, 2 hits, 0 errors, 0 left on base; Pittsburgh 3 - Texas 1
BOTTOM OF THE 9TH
Texas Rangers batting - Pitching for Pittsburgh Pirates : RHP Mitch White
Pitching: LHP Sam Hentges
Batting: RHB Alec Bohm 0-0: Ball
1-0: Ball
2-0: Ball
3-0: Called Strike
3-1: Base on Balls
Batting: RHB Albert Almora Jr. 0-0: Ball
1-0: Ball
2-0: Ball
3-0: Base on Balls
Alec Bohm to second
Batting: SHB Kaleb Cowart 0-0: Ball
1-0: Ball
2-0: Fly out, F9 (Flyball, 9D, EV 89.4 MPH)
Runner from 2nd tags up, SAFE at 3rd, no throw by RF
Batting: RHB Fernando Tatis Jr. 0-0: Ball
1-0: Ball
2-0: Fly out, F8 (Line Drive, 78M, EV 87.5 MPH)
Pinch Hitting: RHB Orlando Arcia 0-0: Foul Ball, location: 2F
0-1: Fly out, F8 (Flyball, 8RS, EV 77.5 MPH)
Bottom of the 9th over - 0 runs, 0 hits, 0 errors, 2 left on base; Pittsburgh 3 - Texas 1
Saturday, April 22nd , 2023 - OOTP Baseball 23.10 Build 110